 Dungeon Crawl Stone Soup version 0.27.0-1-g7a089689b8 (webtiles) character file.

Game seed: 6644835947441580952

3133 Almogavar the Destroyer (level 9, -1/49 HPs)
             Began as a Tengu Conjurer on July 31, 2021.
             Was a Follower of Nemelex Xobeh.
             Slain by Erica (13 damage)
             ... on level 8 of the Dungeon.
             The game lasted 00:30:17 (8641 turns).

Almogavar the Destroyer (Tengu Conjurer)            Turns: 8641, Time: 00:30:18

Health: -1/49      AC:  3    Str:  8    XL:     9   Next: 92%
Magic:  11/20      EV: 15    Int: 26    God:    Nemelex Xobeh [*.....]
Gold:   422        SH:  0    Dex: 13    Spells: 14/21 levels left

rFire    + . .     SeeInvis .   D - +5 quarterstaff of Kic Olaw {vorpal, Int+5}
rCold    + . .     Faith    .   (shield currently unavailable)
rNeg     . . .     Spirit   .   v - +1 robe {rC+ rF+}
rPois    .         Reflect  .   (helmet restricted)
rElec    .         Harm     .   (no cloak)
rCorr    .         Rampage  .   (no gloves)
Will     +....                  (boots unavailable)
Stlth    +++.......             (no amulet)
HPRegen  0.16/turn              d - ring of willpower
MPRegen  0.17/turn              l - +4 ring of slaying

@: flying quickly and evasively, slowed, very slow
A: beak, talons 3, nimble flight
a: Renounce Religion, Draw Escape, Draw Destruction, Draw Summoning


You were on level 8 of the Dungeon.
You worshipped Nemelex Xobeh.
Nemelex Xobeh was aware of your devotion.
You visited 2 branches of the dungeon, and saw 9 of its levels.

You collected 422 gold pieces.

Inventory:

Hand Weapons
 a - a +1 scimitar of holy wrath
 p - a +2 flail of protection
 w - a +2 dagger of freezing
 D - the +5 quarterstaff of Kic Olaw (weapon) {vorpal, Int+5}
   (You found it on level 7 of the Dungeon)

   It inflicts extra damage upon your enemies.
   Int:       It affects your intelligence (+5).
Armour
 t - a +0 buckler
 v - a +1 robe of resistance (worn)
 x - a +0 leather armour
Jewellery
 c - an amulet of faith
 d - a ring of willpower (left hand)
 l - a +4 ring of slaying (right hand)
Scrolls
 b - 2 scrolls of teleportation
 f - 2 scrolls of magic mapping
 h - 2 scrolls of silence
 i - 2 scrolls of fog {unknown}
 j - 2 scrolls of fear
 n - a scroll of brand weapon {unknown}
 s - 2 scrolls of enchant weapon {unknown}
 u - 2 scrolls of vulnerability {unknown}
 y - a scroll of amnesia {unknown}
 z - a scroll of noise {unknown}
 A - a scroll of summoning {unknown}
 C - a scroll of holy word {unknown}
Potions
 e - 3 potions of curing
 g - a potion of invisibility
 k - a potion of might {unknown}
 m - a potion of berserk rage {unknown}
 o - a potion of ambrosia {unknown}
 q - 3 potions of flight {unknown}
 r - 3 potions of cancellation {unknown}
 B - a potion of lignification {unknown}
 E - a potion of heal wounds


   Skills:
 + Level 2.4 Fighting
 + Level 0.2 Short Blades
 + Level 3.6 Dodging
 + Level 6.3 Stealth
 + Level 6.8 Spellcasting
 + Level 11.1 Conjurations
 * Level 4.2 Translocations


You had 14 spell levels left.
You knew the following spells:

 Your Spells              Type           Power      Damage    Failure   Level
a - Magic Dart            Conj           100%       1d8       1%          1
b - Searing Ray           Conj           100%       3d7       1%          2
c - Iskenderun's Mystic   Conj/Tloc      48%        2d11      2%          4

Your spell library contained the following spells:

 Spells                   Type           Power      Damage    Failure   Level
 Dazzling Flash           Conj/Hex       74%        N/A       1%          3
 Summon Small Mammal      Summ           32%        N/A       6%          1
 Fulminant Prism          Conj/Hex       18%        3d11      6%          4
 Call Canine Familiar     Summ           8%         N/A       19%         3
 Summon Guardian Golem    Hex/Summ       8%         N/A       19%         3


Dungeon Overview and Level Annotations

Branches:
Dungeon (8/15)             Temple (1/1) D:6
   Lair: D:8-11

Altars:
Fedhas
Makhleb
Nemelex Xobeh
Okawaru
Qazlal
Ru
Sif Muna
Trog
Uskayaw
Vehumet
Xom
Yredelemnul
Zin
The Shining One

Annotations:
D:8 Erica


Innate Abilities, Weirdness & Mutations

You have a beak for a mouth.
You have claws for feet.
Your magical nature lets you fly swiftly and evasively.


Message History

Casting: Searing Ray (safe; 1% risk of failure)
Confirm with . or Enter, or press ? or * to list all spells.
You can't see any susceptible monsters within range! (Use Z to cast anyway.)
Casting: Searing Ray (safe; 1% risk of failure)
Confirm with . or Enter, or press ? or * to list all spells.
You don't know that spell.
Casting: Searing Ray (safe; 1% risk of failure)
Confirm with . or Enter, or press ? or * to list all spells.
You can't see any susceptible monsters within range! (Use Z to cast anyway.)
Casting: Searing Ray (safe; 1% risk of failure)
Confirm with . or Enter, or press ? or * to list all spells.
Aiming: Searing Ray (safe; 1% risk of failure)
Press: ? - help, Shift-Dir - straight line Out of range.
Okay, then.
Level annotation: Erica Welcome back, Almogavar the Tengu Conjurer.
Nemelex Xobeh says: It's all in the cards!
Press ? for a list of commands and other information.
Cast which spell? (? or * to list)
You can't see any susceptible monsters within range! (Use Z to cast anyway.) Cast which spell? (? or * to list)
Aiming: Searing Ray (safe; 1% risk of failure)
Press: ? - help, Shift-Dir - straight line The searing ray hits something. (Press . to maintain the ray.)
Something hits you! Something burns you.
Deactivating autopickup; reactivate with Ctrl-A.
Unknown command.
The searing ray hits something!
Something hits you!
* * * LOW HITPOINT WARNING * * *
Something burns you.
* * * LOW HITPOINT WARNING * * *
The searing ray hits something.
You hear some strange, mumbled words.
You feel yourself slow down.
The searing ray hits something!
You finish channeling your searing ray.
Something hits you!
You die...
Your body disappears without a glow.

#.......# #.###...# #.#
##.######### ##.##
#.###.....#
###...###.....#####
#...#†.###.######
##.####.##.......# ...#
#.##.......#
###...#.##...###@#
.###.##...# #{## # .#
#.#....# ##.# ..# ..
#.##..## #.######...#
######...#..#####.#........?
.....# #.................#
....## ##...###.#.....<..#
....# #. #...........# ...##
#...........#


There were no monsters in sight!

Vanquished Creatures
  The ghost of NikiYani the Magician, an amateur DEFE (D:4)
  4 yaks (D:4)
  A steam dragon (D:7)
  Edmund (D:5)
  A water moccasin (D:5)
  A sky beast (D:6)
  3 ice beasts
  A hornet zombie (D:7)
  A black bear (D:5)
  3 necrophages
  2 ogres
  A centaur (D:5)
  A phantom (D:4)
  Blork the orc (D:6)
  4 bullfrogs
  A gnoll sergeant (D:4)
  A howler monkey (D:7)
  4 bullfrog skeletons
  A hound (D:6)
  2 orc priests
  2 orc wizards
  A hound skeleton (D:5)
  A howler monkey skeleton (D:5)
  4 gnolls (D:4)
  9 adders
  A white imp (D:7)
  3 worms (D:2)
  2 dart slugs
  17 orcs
  3 bats
  8 endoplasms
  5 giant cockroaches
  6 goblins
  4 hobgoblins
  4 kobolds
  2 quokkas
  10 ball pythons
  2 frilled lizards
  5 rats
  A toadstool (D:5)
125 creatures vanquished.

Vanquished Creatures (others)
  5 fungi (D:5)
  3 toadstools (D:5)
8 creatures vanquished.

Grand Total: 133 creatures vanquished

Notes
Turn   | Place    | Note
-------+----------+-------------------------------------------
     0 | D:1      | Almogavar the Tengu Conjurer began the quest for the Orb.
     0 | D:1      | Reached XP level 1. HP: 10/10 MP: 4/4
   391 | D:1      | Reached XP level 2. HP: 15/15 MP: 4/6
   602 | D:1      | Reached skill level 6 in Conjurations
  1021 | D:2      | Learned a level 2 spell: Searing Ray
  1066 | D:2      | Found a faded altar of an unknown god.
  1291 | D:2      | Reached XP level 3. HP: 19/19 MP: 2/7
  2159 | D:3      | Reached XP level 4. HP: 24/24 MP: 4/8
  2203 | D:3      | Reached skill level 7 in Conjurations
  2551 | D:3      | Gained mutation: Your magical nature lets you fly swiftly
                  | and evasively. [Tengu growth]
  2551 | D:3      | Reached XP level 5. HP: 28/28 MP: 0/10
  2872 | D:3      | Learned a level 4 spell: Iskenderun's Mystic Blast
  3526 | D:4      | Found a runed translucent door.
  3526 | D:4      | Noticed NikiYani's ghost (amateur DEFE)
  3654 | D:4      | Reached skill level 8 in Conjurations
  3654 | D:4      | Reached XP level 6. HP: 24/32 MP: 0/11
  3909 | D:4      | Found a large runed translucent door.
  3909 | D:4      | Found a large runed translucent door.
  3959 | D:4      | Noticed a yak
  3959 | D:4      | Noticed a yak
  3959 | D:4      | Noticed a yak
  3981 | D:4      | Killed a yak
  3982 | D:4      | Reached skill level 1 in Translocations
  3982 | D:4      | Reached XP level 7. HP: 27/36 MP: 5/13
  4049 | D:4      | Noticed a yak
  4059 | D:4      | Killed a yak
  4061 | D:4      | Killed a yak
  4065 | D:4      | Killed a yak
  4066 | D:4      | Reached skill level 9 in Conjurations
  4066 | D:4      | Reached XP level 8. HP: 37/42 MP: 0/15
  4609 | D:4      | Reached skill level 5 in Spellcasting
  4816 | D:4      | Found an iron altar of Okawaru.
  4821 | D:4      | Found a shimmering altar of Xom.
  4897 | D:5      | Entered Level 5 of the Dungeon
  4964 | D:5      | Reached skill level 1 in Fighting
  5454 | D:5      | Found a radiant altar of Vehumet.
  5542 | D:5      | Reached skill level 5 in Stealth
  5736 | D:5      | Reached skill level 10 in Conjurations
  5852 | D:5      | Reached XP level 9. HP: 48/48 MP: 12/18
  5983 | D:5      | Noticed Edmund
  6012 | D:5      | Killed Edmund
  6768 | D:6      | Noticed Blork the orc
  6774 | D:6      | Killed Blork the orc
  6831 | D:6      | Found a staircase to the Ecumenical Temple.
  6851 | Temple   | Entered the Ecumenical Temple
  6954 | Temple   | Became a worshipper of Nemelex Xobeh the Trickster
  7456 | D:4      | Killed NikiYani's ghost
  7976 | D:7      | Reached skill level 11 in Conjurations
  8310 | D:7      | Identified the +5 quarterstaff of Kic Olaw {vorpal, Int+5}
  8513 | D:8      | Reached * piety under Nemelex Xobeh
  8619 | D:8      | Noticed Erica
  8641 | D:8      | Slain by Erica

Illustrated notes

Levels and vault maps discovered:
D:1:      dpeg_arrival_fog, layout_loops_ring, minmay_pentomino_q4
D:2:      layout_basic, hellmonk_ecumenical_altar_heavens_door,
          kennysheep_generic_room_10
D:3:      layout_basic, minmay_snake_closets
D:4:      layout_basic, jmf_multi_god_temple2, hellmonk_ghost_happy_afterlife
D:5:      layout_rooms, nicolae_vehumet_altar_sigil, minmay_gold_behind_fungi,
          hangedman_decor_lopped, nrook_pool_corridor, nrook_mini_vaults,
          uniq_edmund
D:6:      layout_loops_ring, minmay_temple_entry_stoned_glass,
          uniq_blork_the_orc
D:7:      layout_loops_ring
D:8:      minmay_general_purpose_star, layout_rooms,
          mainiacjoe_overflow_brackets, gammafunk_ghost_hydra_chop,
          serial_corexii_hall, chequers_hall_statues_wall_a,
          corexii_hall_statues_u, dk_noncrumbling_4, uniq_harold, uniq_erica,
          uniq_joseph, uniq_psyche
Temple:   eino_temple_scatter_basement

Skill      XL: |  1  2  3  4  5  6  7  8  9 |
---------------+----------------------------+-----
Conjurations   | 6 7 8 9 10 11 | 11.1
Spellcasting   | 3 4 5 6 |  6.8
Stealth        | 3 4 5 6 |  6.3
Translocations | 1 2 3 4 |  4.2
Fighting       | 1 2 |  2.4
Dodging        | 3 |  3.6
Short Blades   | |  0.2

Action                   |  1- 3 |  4- 6 |  7- 9 || total
-------------------------+-------+-------+-------++-------
Melee: Dagger            |       |    10 |    10 ||    20
       Peck              |       |     1 |     2 ||     3
       Kick              |       |     1 |     1 ||     2
 Cast: Magic Dart        |    47 |    26 |    22 ||    95
       Searing Ray       |     6 |    20 |    49 ||    75
       Iskenderun's Myst |       |       |     2 ||     2
  Use: Scroll            |       |     1 |     6 ||     7
       Potion            |       |       |     2 ||     2
 Stab: Sleeping          |       |     5 |     5 ||    10
Armor: Robe              |     4 |       |     2 ||     6
Dodge: Dodged            |     4 |     8 |    21 ||    33
